 Dungeon Crawl Stone Soup version 0.26.1-11-gd32895ea62 (webtiles) character file.

Game seed: 5473628280345759030

46 Eitelfritz the Skirmisher (level 3, 0/33 HPs)
             Began as a Hill Orc Fighter on June 10, 2021.
             Succumbed to an adder's poison
             ... on level 3 of the Dungeon.
             The game lasted 00:04:05 (1377 turns).

Eitelfritz the Skirmisher (Hill Orc Fighter)        Turns: 1377, Time: 00:04:05

Health: 0/33       AC:  9    Str: 21    XL:     3   Next: 68%
Magic:  3/3        EV:  5    Int:  8    God:
Gold:   87         SH:  9    Dex:  8    Spells: 2/2 levels left

rFire    . . .     SeeInvis .   a - +0 war axe
rCold    . . .     Faith    .   c - +0 kite shield
rNeg     . . .     Spirit   .   e - +0 chain mail
rPois    .         Reflect  .   (no helmet)
rElec    .         Harm     .   (no cloak)
rCorr    .         Rampage  .   (no gloves)
Will     .....                  (no boots)
Stlth    ..........             (no amulet)
HPRegen  0.11/turn              (no ring)
MPRegen  0.08/turn              (no ring)

@: lethally poisoned (0 -> -1), attractive, very slightly contaminated, hasted,
invisible, very quick
A: clumsy 1, inhibited regeneration, strong 1, evolution 1
a: no special abilities


You were on level 3 of the Dungeon.
You visited 1 branch of the dungeon, and saw 3 of its levels.

You collected 87 gold pieces.

Inventory:

Hand Weapons
 a - a +0 war axe (weapon)
 q - a +0 hunting sling
Missiles
 k - 4 boomerangs (quivered)
 r - 13 poisoned darts
Armour
 b - a +0 scale mail
 c - a +0 kite shield (worn)
 e - a +0 chain mail (worn)
Jewellery
 p - an uncursed ring of protection from fire {unknown}
Scrolls
 f - 2 scrolls of blinking {unknown}
 j - 4 scrolls of remove curse {unknown}
 m - 3 scrolls of teleportation {unknown}
 n - a scroll of amnesia {unknown}
Potions
 d - a potion of might
 g - a potion of invisibility


   Skills:
 + Level 4.0 Fighting
 + Level 4.0 Axes
 + Level 3.6 Armour
 + Level 3.7 Shields


You had 2 spell levels left.
You didn't know any spells.
Your spell library was empty.

Dungeon Overview and Level Annotations

Branches:
Dungeon (3/15)

Altars:

Annotations:
D:2 Sigmund


Innate Abilities, Weirdness & Mutations

You are clumsy. (Dex -2)
You do not regenerate when monsters are visible.
Your muscles are strong. (Str +2)
You evolve.


Message History

You feel nature experimenting on you.
Don't worry, failures die fast.
* * * LOW HITPOINT WARNING * * *
You feel sick.
It was a potion of haste.
You feel yourself speed up.
It was a potion of magic.
Magic courses through your body.
It was a potion of attraction.
You feel attractive to monsters.
* * * LOW HITPOINT WARNING * * *
You feel sick.
* * * LOW HITPOINT WARNING * * *
You feel sick.
* * * LOW HITPOINT WARNING * * *
You feel sick.
There is a stone staircase leading up here.
* * * LOW HITPOINT WARNING * * *
You feel sick.
There is a stone staircase leading up here.
* * * LOW HITPOINT WARNING * * *
You feel sick.
You die...

#.######.#.# #.#
#....#.# #.###.####.# ..
#...#.####.#
....########.#....#.#
...................>###
#.#####.##...#........#
#.....##.#..###.##
#..####.##.#@..#.......#
........#############..#
##.####.....# #..#
#.#).....# #..#
#.#.####.. #..# #.#..
##..# #.#..# #...#
#.##.# ##### #.. .#


There were no monsters in sight!

Vanquished Creatures
  An adder (D:3)
  An ooze (D:1)
  A dart slug (D:3)
  2 leopard geckos
  A giant cockroach (D:1)
  3 goblins
  5 hobgoblins
  5 kobolds
  6 bats (D:1)
  2 frilled lizards
  A rat (D:1)
28 creatures vanquished.

Vanquished Creatures (others)
  A fungus (D:2)
1 creature vanquished.

Grand Total: 29 creatures vanquished

Notes
Turn   | Place    | Note
-------+----------+-------------------------------------------
     0 | D:1      | Eitelfritz the Hill Orc Fighter began the quest for the
                  | Orb.
     0 | D:1      | Reached XP level 1. HP: 19/19 MP: 1/1
   422 | D:1      | Reached XP level 2. HP: 27/27 MP: 2/2
  1147 | D:2      | Noticed Sigmund
  1209 | D:2      | Reached XP level 3. HP: 33/33 MP: 3/3
  1347 | D:3      | Gained mutation: Your muscles are strong. (Str +2) [potion
                  | of mutation]
  1347 | D:3      | Gained mutation: You do not regenerate when monsters are
                  | visible. [potion of mutation]
  1347 | D:3      | Gained mutation: You are clumsy. (Dex -2) [potion of
                  | mutation]
  1347 | D:3      | Gained mutation: You evolve. [potion of mutation]
  1365 | D:3      | HP: 1/33 [poisoned by an adder]
  1371 | D:3      | HP: 1/33 [poisoned by an adder]
  1377 | D:3      | Succumbed to an adder's poison

Illustrated notes

Levels and vault maps discovered:
D:1:      dpeg_arrival_refuge, layout_basic, minmay_tree_intersection,
          roderic_lattice_a, dk_noncrumbling_2, minivault_4,
          minmay_misc_feat_room
D:2:      layout_loops_cross, uniq_jessica, uniq_sigmund,
          uniq_crazy_yiuf_cottage
D:3:      minmay_evil_eye, layout_basic, kennysheep_generic_room_16

Skill      XL: |  1  2  3 |
---------------+----------+-----
Axes           | 3 4 |  4.0
Fighting       | 4 |  4.0
Armour         | |  3.6
Shields        | |  3.7

Action                   || total
-------------------------++-------
Melee: War axe           ||    94
  Use: Potion            ||     5
Armor: Chain mail        ||    62
Dodge: Dodged            ||    19
Block: Kite shield       ||    64
